Sasquatch vs Harfangs

Created - March 31, 2020 at 19:39

Goals
1 2 3 T
Sasquatch 0 3 0 3
Harfangs 1 1 4 6
Shots
1 2 3 T
Sasquatch 9 12 3 24
Harfangs 9 12 17 38

1st period

1. Harfangs , Erik Nystrom 13 (Sven Andrighetto 18, Nick Shore 21) at 2:21

Penalties :
Dylan Olsen (BEA) for Tripping (Minor) at 7:54, Michael Bournival (BEA) for Tripping (Minor) at 10:47

2nd period

2. Harfangs , Tyler Randell 41 (Michael Bournival 63, Tyler Brenner 38) at 0:09
3. Sasquatch , Dmitri Orlov 6 (Garret Ross 21, Jimmy Vesey 32) at 9:39
4. Sasquatch , Patrick Wey 3 (Brett Pesce 19, Matt Halischuk 56) at 16:23
5. Sasquatch , Jimmy Vesey 25 (Devin Shore 61) at 18:33 (PP)

Penalties :
Ryan Hartman (BEA) for Roughing (Minor) at 5:14, Brett Pesce (Gat) for Holding (Minor) at 14:20, Ryan Hartman (BEA) for Holding (Minor) at 18:31, Jujhar Khaira (Gat) for Roughing (Minor) at 19:00

3rd period

6. Harfangs , Ryan Hartman 14 (Reid McNeill 32, Calle Jarnkrok 63) at 2:47
7. Harfangs , Tyler Randell 42 (Michael Bournival 64, Tyler Brenner 39) at 9:10
8. Harfangs , Michael Bournival 37 (Tyler Brenner 40, Devon Teows 4) at 19:29
9. Harfangs , Nick Shore 28 (Jake Dotchin 21) at 19:35

Penalties :
Quinton Howden (Gat) for Hooking (Minor) at 7:06, Brett Pesce (Gat) for Hooking (Minor) at 13:41

Goalie Stats

Corey Crawford (Gat), 32 saves from 38 shots - (0.842), L, 5-6-0, 60:00 minutes
Anton Forsberg (BEA), 21 saves from 24 shots - (0.875), W, 23-15-4, 60:00 minutes

Players Stats for Sasquatch

Player Name              G  A  P  +/- PIM S  H  SB GA TA FO     MP     PP MP  PK MP  
------------------------------------------------------------------------------------
Alex Lintuniemi          0  0  0  -1  0   2  1  1  0  0  0/0    20:26   0:00   4:17 
Brett Pesce              0  1  1   0  4   1  1  1  0  1  0/0    18:28   3:09   0:00 
Brock Trotter            0  0  0  -2  0   3  1  1  1  0  0/0    10:47   0:00   0:57 
Devin Shore              0  1  1  -2  0   2  0  0  0  0  15/30  19:14   3:17   1:13 
Dmitri Orlov             1  0  1  -2  0   1  2  0  0  1  0/0    23:47   2:16   3:01 
Dylan DeMelo             0  0  0  -2  0   0  0  1  0  0  0/0    14:21   0:00   2:43 
Garret Ross              0  1  1  -1  0   1  1  0  0  0  0/0    12:01   0:00   5:08 
Hudson Fasching          0  0  0  -2  0   1  2  0  0  0  0/0    10:38   0:04   0:00 
Jimmy Vesey              1  1  2  -2  0   4  6  1  0  1  0/2    18:28   3:17   0:15 
Jujhar Khaira            0  0  0   1  2   1  3  1  1  1  1/1    17:28   2:38   1:09 
Martin Frk               0  0  0   0  0   1  0  1  0  0  0/0     6:39   0:00   0:00 
Matt Halischuk           0  1  1  -1  0   4  1  0  0  1  2/2    20:04   3:17   1:27 
Nikita Nesterov          0  0  0  -1  0   0  0  0  0  0  0/0    15:38   3:43   0:45 
Patrick Wey              1  0  1  -1  0   1  6  1  1  2  0/0    27:31   2:50   5:06 
Petr Straka              0  0  0   0  0   0  3  0  2  1  0/0    16:58   2:38   0:42 
Quinton Howden           0  0  0  -3  2   2  0  0  0  1  1/8    11:28   0:04   0:46 
Sergey Kalinin           0  0  0  -1  0   0  3  0  0  0  8/18   18:30   0:04   4:04 
T.J. Tynan               0  0  0   0  0   0  2  0  0  0  1/1     9:34   2:38   0:11 

Players Stats for Harfangs

Player Name              G  A  P  +/- PIM S  H  SB GA TA FO     MP     PP MP  PK MP  
------------------------------------------------------------------------------------
Brandon McMillan         0  0  0   1  0   3  0  0  1  0  0/0    15:13   3:23   0:00 
Brenden Kichton          0  0  0   0  0   1  0  1  0  0  0/0    19:27   2:10   2:23 
Calle Jarnkrok           0  1  1   1  0   2  1  0  0  1  8/13   16:52   3:26   1:37 
Cristoval Nieves         0  0  0   0  0   0  0  0  0  0  2/2     7:29   0:23   0:18 
Devon Teows              0  1  1   1  0   1  1  0  0  0  0/0    12:21   0:51   0:00 
Dylan Olsen              0  0  0   3  2   3  1  0  1  2  0/0    26:58   4:55   2:25 
Erik Nystrom             1  0  1   1  0   3  1  0  0  0  1/2    12:24   0:00   1:42 
Jake Dotchin             0  1  1   0  0   0  1  0  0  0  0/0    19:36   2:10   2:23 
Michael Bournival        1  2  3   2  2   6  2  2  3  0  2/3    22:22   3:33   2:03 
Morgan Klimchuk          0  0  0   0  0   0  2  1  0  0  0/0     9:15   0:33   1:37 
Nick Shore               1  1  2   1  0   3  0  0  2  1  2/5    11:16   0:35   0:00 
Nick Sorensen            0  0  0   0  0   0  1  0  0  0  0/0     7:25   0:49   0:00 
Reid McNeill             0  1  1   3  0   3  1  2  0  0  0/0    27:53   4:55   3:36 
Rinat Valiev             0  0  0   1  0   2  1  0  0  0  0/0    13:32   0:51   1:11 
Ryan Hartman             1  0  1   1  4   1  1  0  1  0  0/1    15:26   3:23   0:00 
Sven Andrighetto         0  1  1   1  0   0  0  0  0  0  2/2    11:15   0:37   0:00 
Tyler Brenner            0  3  3   2  0   5  2  0  1  1  12/28  21:40   3:33   1:37 
Tyler Randell            2  0  2   2  0   5  4  1  0  0  5/6    23:33   3:33   3:04 

3 Stars

1 - Tyler Randell (BEA)
2 - Michael Bournival (BEA)
3 - Tyler Brenner (BEA)

Power Play

Sasquatch - 1 on 4 Attempt(s) - 25.00%
Harfangs - 0 on 4 Attempt(s) - 0.00%

Penalty Kill

Sasquatch - 4 on 4 Attempt(s) - 100.00% - Score 0 goal in Penalty Kill
Harfangs - 3 on 4 Attempt(s) - 75.00% - Score 0 goal in Penalty Kill

Team Stat

Sasquatch - Hits : 32 - Faceoff Wins : 28 - Blocked Shots : 8 - Penalty Minutes : 8
Harfangs - Hits : 19 - Faceoff Wins : 34 - Blocked Shots : 7 - Penalty Minutes : 8

Official

Referees : Unknown
Linesman : Unknown

Game Notes

No Game Note

Finance

Level 1 -- Attendance: 1914 (95.70%) -- Ticket Income $65,076
Level 2 -- Attendance: 718 (71.80%) -- Ticket Income $13,642
Total Attendance: 2632 (87.73%)
Total Ticket Income: $78,718
Other Income: $3,936
Total Income: $82,654

Sasquatch

5 vs 5 Forward 
   Center                   Left Wing                Right Wing               Time % Phy DF OF 
 1 Devin Shore              Jimmy Vesey              Matt Halischuk           40     1   2  2  
 2 Sergey Kalinin           Jujhar Khaira            Petr Straka              30     1   2  2  
 3 Quinton Howden           Brock Trotter            Hudson Fasching          20     1   2  2  
 4 T.J. Tynan               Garret Ross              Martin Frk               10     1   2  2  

5 vs 5 Defense 
   Defense                  Defense                                           Time % Phy DF OF 
 1 Dmitri Orlov             Patrick Wey                                       40     1   2  2  
 2 Brett Pesce              Alex Lintuniemi                                   30     1   2  2  
 3 Nikita Nesterov          Dylan DeMelo                                      20     1   2  2  
 4 Alex Lintuniemi          Patrick Wey                                       10     1   2  2  

PowerPlay Forward 
   Center                   Left Wing                Right Wing               Time % Phy DF OF 
 1 Devin Shore              Jimmy Vesey              Matt Halischuk           60     1   2  2  
 2 T.J. Tynan               Jujhar Khaira            Petr Straka              40     1   2  2  

PowerPlay Defense
   Defense                  Defense                                           Time % Phy DF OF 
 1 Nikita Nesterov          Patrick Wey                                       60     1   2  2  
 2 Dmitri Orlov             Brett Pesce                                       40     1   2  2  

Penalty Kill 4 Players Forward 
   Center                   Wing                     Time % Phy DF OF 
 1 Sergey Kalinin           Garret Ross              60     1   2  2  
 2 Matt Halischuk           Jujhar Khaira            40     1   2  2  

Penalty Kill 4 Players Defense
   Defense                  Defense                  Time % Phy DF OF 
 1 Patrick Wey              Alex Lintuniemi          60     1   2  2  
 2 Dylan DeMelo             Dmitri Orlov             40     1   2  2  

Penalty Kill - 3 Players Forward 
   Forward                                           Time % Phy DF OF 
 1 Brock Trotter                                     60     1   2  2  
 2 Quinton Howden                                    40     1   2  2  

Penalty Kill - 3 Players Defense
   Defense                  Defense                  Time % Phy DF OF 
 1 Dmitri Orlov             Alex Lintuniemi          60     1   2  2  
 2 Patrick Wey              Dylan DeMelo             40     1   2  2  

4 vs 4 Forward 
   Center                   Wing                     Time % Phy DF OF 
 1 Quinton Howden           Matt Halischuk           60     1   2  2  
 2 Sergey Kalinin           Jujhar Khaira            40     1   2  2  

4 vs 4 Defense
   Defense                  Defense                  Time % Phy DF OF 
 1 Nikita Nesterov          Alex Lintuniemi          60     1   2  2  
 2 Patrick Wey              Brett Pesce              40     1   2  2  

Last Minutes Offensive
   Center                   Left Wing                Right Wing               Defense                  Defense                  
   Devin Shore              Jimmy Vesey              Matt Halischuk           Nikita Nesterov          Dmitri Orlov             

Last Minutes Defensive
   Center                   Left Wing                Right Wing               Defense                  Defense                  
   Sergey Kalinin           Jujhar Khaira            Matt Halischuk           Alex Lintuniemi          Patrick Wey              

Goaltenders
Starting : Corey Crawford           
Backup : Joonas Korpisalo         

Extra Forwards
Normal : T.J. Tynan, Devin Shore, Petr Straka - PP : Sergey Kalinin, Quinton Howden - PK : Petr Straka
Extra Defensemen
Normal : Dmitri Orlov, Brett Pesce, Dylan DeMelo - PP : Brett Pesce - PK : Brett Pesce, Dmitri Orlov
Penalty Shots
Devin Shore, Matt Halischuk, Petr Straka, Brock Trotter, Jimmy Vesey

Scratches
Christoffer Ehn (Healthy), Dylan Sikura (Healthy), Teemu Hartikainen (Sore Right Knee Injury), Cal Petersen (Healthy)

Harfangs

5 vs 5 Forward 
   Center                   Left Wing                Right Wing               Time % Phy DF OF 
 1 Tyler Brenner            Michael Bournival        Tyler Randell            40     1   2  2  
 2 Calle Jarnkrok           Brandon McMillan         Ryan Hartman             30     1   2  2  
 3 Nick Shore               Erik Nystrom             Sven Andrighetto         20     1   2  2  
 4 Cristoval Nieves         Morgan Klimchuk          Nick Sorensen            10     1   2  2  

5 vs 5 Defense 
   Defense                  Defense                                           Time % Phy DF OF 
 1 Dylan Olsen              Reid McNeill                                      40     1   2  2  
 2 Jake Dotchin             Brenden Kichton                                   30     1   2  2  
 3 Devon Teows              Rinat Valiev                                      20     1   2  2  
 4 Dylan Olsen              Reid McNeill                                      10     1   2  2  

PowerPlay Forward 
   Center                   Left Wing                Right Wing               Time % Phy DF OF 
 1 Tyler Brenner            Michael Bournival        Tyler Randell            60     1   2  2  
 2 Calle Jarnkrok           Brandon McMillan         Ryan Hartman             40     1   2  2  

PowerPlay Defense
   Defense                  Defense                                           Time % Phy DF OF 
 1 Dylan Olsen              Reid McNeill                                      60     1   2  2  
 2 Jake Dotchin             Brenden Kichton                                   40     1   2  2  

Penalty Kill 4 Players Forward 
   Center                   Wing                     Time % Phy DF OF 
 1 Tyler Randell            Michael Bournival        60     1   2  2  
 2 Tyler Brenner            Calle Jarnkrok           40     1   2  2  

Penalty Kill 4 Players Defense
   Defense                  Defense                  Time % Phy DF OF 
 1 Dylan Olsen              Reid McNeill             60     1   2  2  
 2 Jake Dotchin             Brenden Kichton          40     1   2  2  

Penalty Kill - 3 Players Forward 
   Forward                                           Time % Phy DF OF 
 1 Tyler Randell                                     60     1   2  2  
 2 Michael Bournival                                 40     1   2  2  

Penalty Kill - 3 Players Defense
   Defense                  Defense                  Time % Phy DF OF 
 1 Dylan Olsen              Reid McNeill             60     1   2  2  
 2 Jake Dotchin             Brenden Kichton          40     1   2  2  

4 vs 4 Forward 
   Center                   Wing                     Time % Phy DF OF 
 1 Tyler Randell            Michael Bournival        60     1   2  2  
 2 Tyler Brenner            Calle Jarnkrok           40     1   2  2  

4 vs 4 Defense
   Defense                  Defense                  Time % Phy DF OF 
 1 Dylan Olsen              Reid McNeill             60     1   2  2  
 2 Jake Dotchin             Brenden Kichton          40     1   2  2  

Last Minutes Offensive
   Center                   Left Wing                Right Wing               Defense                  Defense                  
   Tyler Brenner            Michael Bournival        Tyler Randell            Dylan Olsen              Reid McNeill             

Last Minutes Defensive
   Center                   Left Wing                Right Wing               Defense                  Defense                  
   Tyler Brenner            Michael Bournival        Tyler Randell            Dylan Olsen              Reid McNeill             

Goaltenders
Starting : Anton Forsberg           
Backup : Ilya Sorokin             

Extra Forwards
Normal : Sven Andrighetto, Nick Shore, Erik Nystrom - PP : Sven Andrighetto, Nick Shore - PK : Erik Nystrom
Extra Defensemen
Normal : Devon Teows, Rinat Valiev, Jake Dotchin - PP : Devon Teows - PK : Rinat Valiev, Jake Dotchin
Penalty Shots
Tyler Randell, Michael Bournival, Tyler Brenner, Calle Jarnkrok, Brandon McMillan

Scratches
JC Lipon (Healthy), Blake Heinrich (Healthy), Laurent Dauphin (Healthy), Mark Alt (Healthy), Brendan Leipsic (Healthy)
Lucas Wallmarkk (Healthy), Justin Kirkland (Healthy), Victor Bartley (Healthy), Anthony Angello (Healthy), Jason Kasdorf (Healthy)
Scott Wedgewood (Healthy), Zachary Fucale (Healthy)

% Time on Ice - Sasquatch

Lines # - Real PCT - Wanted PCT - Time Play
Normal Forward
1 - 33% - 40% - 14:55
2 - 32% - 30% - 14:26
3 - 21% - 20% - 9:27
4 - 15% - 10% - 6:39
Normal Defense
1 - 39% - 40% - 17:43
2 - 34% - 30% - 15:18
3 - 23% - 20% - 10:32
4 - 4% - 10% - 1:54
PP Forward
1 - 56% - 60% - 3:21
2 - 44% - 40% - 2:38
PP Defense
1 - 63% - 60% - 3:45
2 - 37% - 40% - 2:14
PK Forward
1 - 82% - 60% - 6:29
2 - 18% - 40% - 1:27
PK Defense
1 - 66% - 60% - 5:13
2 - 34% - 40% - 2:43
PK3 Forward
1 - 0% - 60%
2 - 0% - 40%
PK3 Defense
1 - 0% - 60%
2 - 0% - 40%
44 Forward
1 - 0% - 60%
2 - 0% - 40%
44 Defense
1 - 0% - 60%
2 - 0% - 40%
Last Minute Offensive  - 0:38
Last Minute Defensive  - 0:00
Total
Forward - 60:00
Defense - 60:00

% Time on Ice - Harfangs

Lines # - Real PCT - Wanted PCT - Time Play
Normal Forward
1 - 36% - 40% - 16:09
2 - 30% - 30% - 13:37
3 - 21% - 20% - 9:32
4 - 13% - 10% - 6:08
Normal Defense
1 - 42% - 40% - 19:02
2 - 32% - 30% - 14:38
3 - 24% - 20% - 10:46
4 - 2% - 10% - 1:00
PP Forward
1 - 45% - 60% - 3:33
2 - 55% - 40% - 4:23
PP Defense
1 - 73% - 60% - 5:46
2 - 27% - 40% - 2:10
PK Forward
1 - 73% - 60% - 4:22
2 - 27% - 40% - 1:37
PK Defense
1 - 60% - 60% - 3:36
2 - 40% - 40% - 2:23
PK3 Forward
1 - 0% - 60%
2 - 0% - 40%
PK3 Defense
1 - 0% - 60%
2 - 0% - 40%
44 Forward
1 - 0% - 60%
2 - 0% - 40%
44 Defense
1 - 0% - 60%
2 - 0% - 40%
Last Minute Offensive  - 0:00
Last Minute Defensive  - 0:39
Total
Forward - 60:00
Defense - 60:00

Play-by-Play

1st period


0:01 of 1st period - Devin Shore wins face-off versus Tyler Brenner in neutral zone.
0:16 of 1st period - Snap shot by Matt Halischuk.
0:16 of 1st period - Stopped by Anton Forsberg with a rebound.
0:26 of 1st period - Sergey Kalinin is hit by Ryan Hartman and loses puck.
1:15 of 1st period - Wrist shot by Morgan Klimchuk.
1:15 of 1st period - Shot Misses the Net.
1:34 of 1st period - Wrist shot by Tyler Brenner.
1:34 of 1st period - Stopped by Corey Crawford with a rebound.
1:36 of 1st period - Snap shot by Tyler Brenner.
1:36 of 1st period - Stopped by Corey Crawford with a rebound.
1:58 of 1st period - Dylan Olsen is hit by Petr Straka and loses puck.
2:19 of 1st period - Snap shot by Sven Andrighetto.
2:19 of 1st period - Shot Misses the Net.
2:21 of 1st period - Slapshot by Erik Nystrom.
2:21 of 1st period - Goal by Erik Nystrom - Sasquatch : 0 - Harfangs : 1.
2:22 of 1st period - Tyler Brenner wins face-off versus Devin Shore in neutral zone.
2:25 of 1st period - Snap shot by Michael Bournival.
2:25 of 1st period - Stopped by Corey Crawford with a rebound.
2:27 of 1st period - Slapshot by Michael Bournival.
2:27 of 1st period - Shot Misses the Net.
2:29 of 1st period - Wrist shot by Michael Bournival.
2:29 of 1st period - Stopped by Corey Crawford without a rebound.
2:30 of 1st period - Devin Shore wins face-off versus Tyler Brenner in Sasquatch zone.
3:37 of 1st period - T.J. Tynan is hit by Morgan Klimchuk and loses puck.
4:04 of 1st period - Wrist shot by Michael Bournival.
4:04 of 1st period - Stopped by Corey Crawford without a rebound.
4:05 of 1st period - Calle Jarnkrok wins face-off versus Sergey Kalinin in Sasquatch zone.
4:30 of 1st period - Tyler Randell is hit by Jimmy Vesey and loses puck.
4:51 of 1st period - Snap shot by Quinton Howden.
4:51 of 1st period - Stopped by Anton Forsberg without a rebound.
4:52 of 1st period - Erik Nystrom wins face-off versus Quinton Howden in Harfangs zone.
5:05 of 1st period - Snap shot by Quinton Howden.
5:05 of 1st period - Stopped by Anton Forsberg with a rebound.
5:17 of 1st period - Patrick Wey is hit by Tyler Randell and loses puck.
5:48 of 1st period - Backhand shot by Calle Jarnkrok.
5:48 of 1st period - Shot Misses the Net.
5:58 of 1st period - Brett Pesce is hit by Morgan Klimchuk.
6:43 of 1st period - Wrist shot by Tyler Randell.
6:43 of 1st period - Shot Misses the Net.
6:51 of 1st period - Tyler Brenner is hit by Patrick Wey and loses puck.
7:12 of 1st period - Wrist shot by Jujhar Khaira.
7:12 of 1st period - Stopped by Anton Forsberg without a rebound.
7:13 of 1st period - Calle Jarnkrok wins face-off versus Devin Shore in Harfangs zone.
7:20 of 1st period - Dmitri Orlov is hit by Dylan Olsen and loses puck.
7:27 of 1st period - Wrist shot by Calle Jarnkrok.
7:27 of 1st period - Shot Blocked by Patrick Wey.
7:29 of 1st period - Snap shot by Brandon McMillan.
7:29 of 1st period - Deflect By Calle Jarnkrok.
7:29 of 1st period - Shot Misses the Net.
7:29 of 1st period - Puck is out of play.
7:30 of 1st period - Jujhar Khaira wins face-off versus Tyler Brenner in Sasquatch zone.
7:54 of 1st period - Minor Penalty to Dylan Olsen for Tripping.
7:55 of 1st period - Tyler Randell wins face-off versus Devin Shore in Harfangs zone.
8:08 of 1st period - Wrist shot by Jimmy Vesey.
8:08 of 1st period - Shot Blocked by Reid McNeill.
9:08 of 1st period - Rinat Valiev is hit by Jujhar Khaira and loses puck.
9:21 of 1st period - Slapshot by Tyler Brenner.
9:21 of 1st period - Shot Misses the Net.
9:54 of 1st period - Penalty to Dylan Olsen is over, Dylan Olsen is back on ice.
9:56 of 1st period - Icing by Morgan Klimchuk.
9:57 of 1st period - T.J. Tynan wins face-off versus Erik Nystrom in Harfangs zone.
10:00 of 1st period - Snap shot by Petr Straka.
10:00 of 1st period - Deflect By Hudson Fasching.
10:00 of 1st period - Stopped by Anton Forsberg with a rebound.
10:27 of 1st period - Brandon McMillan is hit by T.J. Tynan and loses puck.
10:47 of 1st period - Minor Penalty to Michael Bournival for Tripping.
10:48 of 1st period - Tyler Randell wins face-off versus Devin Shore in Harfangs zone.
11:26 of 1st period - Snap shot by Petr Straka.
11:26 of 1st period - Shot Blocked by Brenden Kichton.
12:47 of 1st period - Penalty to Michael Bournival is over, Michael Bournival is back on ice.
12:58 of 1st period - Ryan Hartman is hit by Sergey Kalinin and loses puck.
13:25 of 1st period - Quinton Howden is hit by Nick Sorensen and loses puck.
13:37 of 1st period - Off-side.
13:38 of 1st period - Tyler Randell wins face-off versus Sergey Kalinin in neutral zone.
13:41 of 1st period - Wrist shot by Dylan Olsen.
13:41 of 1st period - Stopped by Corey Crawford without a rebound.
13:42 of 1st period - Sergey Kalinin wins face-off versus Tyler Brenner in Sasquatch zone.
13:53 of 1st period - Slapshot by Patrick Wey.
13:53 of 1st period - Shot Misses the Net.
14:01 of 1st period - Alex Lintuniemi is hit by Michael Bournival and loses puck.
14:13 of 1st period - Off-side.
14:14 of 1st period - Calle Jarnkrok wins face-off versus Devin Shore in neutral zone.
14:17 of 1st period - Patrick Wey is hit by Calle Jarnkrok.
14:44 of 1st period - Slapshot by Brock Trotter.
14:44 of 1st period - Stopped by Anton Forsberg without a rebound.
14:45 of 1st period - Nick Shore wins face-off versus Quinton Howden in Harfangs zone.
15:51 of 1st period - Cristoval Nieves is hit by Garret Ross.
15:57 of 1st period - Slapshot by Dylan Olsen.
15:57 of 1st period - Deflect By Morgan Klimchuk.
15:57 of 1st period - Shot Misses the Net.
15:57 of 1st period - Puck is out of play.
15:58 of 1st period - Tyler Brenner wins face-off versus Devin Shore in Sasquatch zone.
16:09 of 1st period - Snap shot by Michael Bournival.
16:09 of 1st period - Shot Misses the Net.
16:23 of 1st period - Calle Jarnkrok is hit by Sergey Kalinin and loses puck.
16:42 of 1st period - Snap shot by Brock Trotter.
16:42 of 1st period - Stopped by Anton Forsberg without a rebound.
16:43 of 1st period - Quinton Howden wins face-off versus Nick Shore in Harfangs zone.
17:15 of 1st period - Slapshot by Jimmy Vesey.
17:15 of 1st period - Stopped by Anton Forsberg without a rebound.
17:16 of 1st period - Calle Jarnkrok wins face-off versus Devin Shore in Harfangs zone.
18:25 of 1st period - Brett Pesce is hit by Jake Dotchin and loses puck.
18:32 of 1st period - Snap shot by Nick Shore.
18:32 of 1st period - Shot Misses the Net.
18:34 of 1st period - Wrist shot by Jake Dotchin.
18:34 of 1st period - Shot Blocked by Brock Trotter.
18:54 of 1st period - Snap shot by Brock Trotter.
18:54 of 1st period - Stopped by Anton Forsberg without a rebound.
18:55 of 1st period - Devin Shore wins face-off versus Calle Jarnkrok in Harfangs zone.
19:30 of 1st period - Wrist shot by T.J. Tynan.
19:30 of 1st period - Deflect By Garret Ross.
19:30 of 1st period - Shot Misses the Net.
19:30 of 1st period - Puck is out of play.
19:31 of 1st period - Calle Jarnkrok wins face-off versus Devin Shore in Harfangs zone.
19:42 of 1st period - Snap shot by Calle Jarnkrok.
19:42 of 1st period - Stopped by Corey Crawford with a rebound.
19:44 of 1st period - Slapshot by Reid McNeill.
19:44 of 1st period - Stopped by Corey Crawford with a rebound.
Goals for this period are 0 for Sasquatch vs 1 for Harfangs.
Shots for this period are 9 for Sasquatch vs 9 for Harfangs.

2nd period


0:01 of 2nd period - Tyler Brenner wins face-off versus Devin Shore in neutral zone.
0:09 of 2nd period - Wrist shot by Tyler Randell.
0:09 of 2nd period - Goal by Tyler Randell - Sasquatch : 0 - Harfangs : 2.
0:10 of 2nd period - Devin Shore wins face-off versus Tyler Brenner in neutral zone.
0:37 of 2nd period - Brandon McMillan is hit by Patrick Wey and loses puck.
1:12 of 2nd period - Jujhar Khaira is hit by Erik Nystrom and loses puck.
1:33 of 2nd period - Slapshot by T.J. Tynan.
1:33 of 2nd period - Shot Misses the Net.
1:52 of 2nd period - Wrist shot by Tyler Randell.
1:52 of 2nd period - Shot Misses the Net.
3:03 of 2nd period - Tyler Brenner is hit by Patrick Wey.
3:07 of 2nd period - Snap shot by Jimmy Vesey.
3:07 of 2nd period - Deflect By Matt Halischuk.
3:07 of 2nd period - Shot Misses the Net.
3:07 of 2nd period - Puck is out of play.
3:08 of 2nd period - Matt Halischuk wins face-off versus Tyler Brenner in Harfangs zone.
3:09 of 2nd period - Slapshot by Jimmy Vesey.
3:09 of 2nd period - Stopped by Anton Forsberg without a rebound.
3:10 of 2nd period - Matt Halischuk wins face-off versus Tyler Brenner in Harfangs zone.
3:13 of 2nd period - Wrist shot by Matt Halischuk.
3:13 of 2nd period - Stopped by Anton Forsberg with a rebound.
3:15 of 2nd period - Slapshot by Brett Pesce.
3:15 of 2nd period - Stopped by Anton Forsberg with a rebound.
3:17 of 2nd period - Slapshot by Brett Pesce.
3:17 of 2nd period - Deflect By Jimmy Vesey.
3:17 of 2nd period - Stopped by Anton Forsberg with a rebound.
3:19 of 2nd period - Snap shot by Devin Shore.
3:19 of 2nd period - Shot Blocked by Michael Bournival.
3:21 of 2nd period - Wrist shot by Matt Halischuk.
3:21 of 2nd period - Stopped by Anton Forsberg with a rebound.
3:23 of 2nd period - Slapshot by Devin Shore.
3:23 of 2nd period - Stopped by Anton Forsberg with a rebound.
3:25 of 2nd period - Slapshot by Matt Halischuk.
3:25 of 2nd period - Stopped by Anton Forsberg with a rebound.
3:39 of 2nd period - Calle Jarnkrok is hit by Jujhar Khaira and loses puck.
4:44 of 2nd period - Snap shot by Devin Shore.
4:44 of 2nd period - Shot Blocked by Morgan Klimchuk.
5:02 of 2nd period - Slapshot by Petr Straka.
5:02 of 2nd period - Shot Misses the Net.
5:14 of 2nd period - Minor Penalty to Ryan Hartman for Roughing.
5:15 of 2nd period - Tyler Randell wins face-off versus Jimmy Vesey in Harfangs zone.
5:37 of 2nd period - Icing by Brett Pesce.
5:38 of 2nd period - Michael Bournival wins face-off versus Devin Shore in Sasquatch zone.
5:55 of 2nd period - Dylan Olsen is hit by Petr Straka and loses puck.
6:46 of 2nd period - Jake Dotchin is hit by Jimmy Vesey.
7:14 of 2nd period - Penalty to Ryan Hartman is over, Ryan Hartman is back on ice.
7:30 of 2nd period - Brandon McMillan is hit by Patrick Wey and loses puck.
7:47 of 2nd period - Devon Teows is hit by Patrick Wey and loses puck.
8:16 of 2nd period - Quinton Howden is hit by Tyler Randell and loses puck.
8:39 of 2nd period - Wrist shot by Nick Shore.
8:39 of 2nd period - Stopped by Corey Crawford without a rebound.
8:40 of 2nd period - Devin Shore wins face-off versus Nick Shore in Sasquatch zone.
9:37 of 2nd period - Snap shot by Garret Ross.
9:37 of 2nd period - Shot Misses the Net.
9:39 of 2nd period - Slapshot by Dmitri Orlov.
9:39 of 2nd period - Goal by Dmitri Orlov - Sasquatch : 1 - Harfangs : 2.
9:40 of 2nd period - Tyler Brenner wins face-off versus Devin Shore in neutral zone.
9:43 of 2nd period - Matt Halischuk is hit by Reid McNeill and loses puck.
9:52 of 2nd period - Patrick Wey is hit by Tyler Brenner and loses puck.
10:10 of 2nd period - Dylan Olsen is hit by Sergey Kalinin and loses puck.
10:52 of 2nd period - Snap shot by Tyler Randell.
10:52 of 2nd period - Shot Misses the Net.
11:08 of 2nd period - Wrist shot by Erik Nystrom.
11:08 of 2nd period - Stopped by Corey Crawford with a rebound.
11:10 of 2nd period - Snap shot by Sven Andrighetto.
11:10 of 2nd period - Shot Misses the Net.
11:20 of 2nd period - Devin Shore is hit by Devon Teows and loses puck.
12:09 of 2nd period - Quinton Howden is hit by Tyler Randell and loses puck.
12:28 of 2nd period - Brenden Kichton is hit by Patrick Wey and loses puck.
13:07 of 2nd period - Rinat Valiev is hit by Jujhar Khaira and loses puck.
13:19 of 2nd period - Nikita Nesterov is hit by Rinat Valiev.
13:35 of 2nd period - Wrist shot by Morgan Klimchuk.
13:35 of 2nd period - Shot Misses the Net.
13:37 of 2nd period - Slapshot by Devon Teows.
13:37 of 2nd period - Deflect By Cristoval Nieves.
13:37 of 2nd period - Shot Misses the Net.
13:37 of 2nd period - Puck is out of play.
13:38 of 2nd period - Tyler Brenner wins face-off versus Devin Shore in Sasquatch zone.
13:53 of 2nd period - Tyler Brenner is hit by Dmitri Orlov.
14:05 of 2nd period - Brenden Kichton is hit by Hudson Fasching.
14:09 of 2nd period - Snap shot by Brandon McMillan.
14:09 of 2nd period - Stopped by Corey Crawford without a rebound.
14:10 of 2nd period - Calle Jarnkrok wins face-off versus Quinton Howden in Sasquatch zone.
14:17 of 2nd period - Slapshot by Calle Jarnkrok.
14:17 of 2nd period - Stopped by Corey Crawford without a rebound.
14:18 of 2nd period - Devin Shore wins face-off versus Calle Jarnkrok in Sasquatch zone.
14:20 of 2nd period - Minor Penalty to Brett Pesce for Holding.
14:21 of 2nd period - Tyler Brenner wins face-off versus Sergey Kalinin in Sasquatch zone.
14:23 of 2nd period - Snap shot by Tyler Randell.
14:23 of 2nd period - Stopped by Corey Crawford with a rebound.
14:31 of 2nd period - Slapshot by Tyler Brenner.
14:31 of 2nd period - Stopped by Corey Crawford with a rebound.
14:33 of 2nd period - Slapshot by Dylan Olsen.
14:33 of 2nd period - Stopped by Corey Crawford with a rebound.
14:35 of 2nd period - Snap shot by Reid McNeill.
14:35 of 2nd period - Deflect By Patrick Wey.
14:35 of 2nd period - Stopped by Corey Crawford without a rebound.
14:36 of 2nd period - Tyler Brenner wins face-off versus Sergey Kalinin in Sasquatch zone.
14:37 of 2nd period - Snap shot by Michael Bournival.
14:37 of 2nd period - Shot Misses the Net.
14:39 of 2nd period - Snap shot by Dylan Olsen.
14:39 of 2nd period - Stopped by Corey Crawford without a rebound.
14:40 of 2nd period - Tyler Brenner wins face-off versus Sergey Kalinin in Sasquatch zone.
16:14 of 2nd period - Tyler Randell is hit by Alex Lintuniemi and loses puck.
16:20 of 2nd period - Penalty to Brett Pesce is over, Brett Pesce is back on ice.
16:21 of 2nd period - Snap shot by Brett Pesce.
16:21 of 2nd period - Shot Blocked by Michael Bournival.
16:23 of 2nd period - Slapshot by Patrick Wey.
16:23 of 2nd period - Goal by Patrick Wey - Sasquatch : 2 - Harfangs : 2.
16:24 of 2nd period - Calle Jarnkrok wins face-off versus Devin Shore in neutral zone.
16:31 of 2nd period - Slapshot by Calle Jarnkrok.
16:31 of 2nd period - Shot Misses the Net.
16:36 of 2nd period - Off-side.
16:37 of 2nd period - Devin Shore wins face-off versus Tyler Brenner in neutral zone.
16:54 of 2nd period - Icing by Patrick Wey.
16:55 of 2nd period - Calle Jarnkrok wins face-off versus Jimmy Vesey in Sasquatch zone.
17:00 of 2nd period - Slapshot by Brandon McMillan.
17:00 of 2nd period - Stopped by Corey Crawford with a rebound.
17:20 of 2nd period - Patrick Wey is hit by Tyler Randell and loses puck.
17:41 of 2nd period - Slapshot by Erik Nystrom.
17:41 of 2nd period - Shot Misses the Net.
17:56 of 2nd period - Icing by Dmitri Orlov.
17:57 of 2nd period - Cristoval Nieves wins face-off versus Quinton Howden in Sasquatch zone.
18:00 of 2nd period - Snap shot by Morgan Klimchuk.
18:00 of 2nd period - Shot Misses the Net.
18:02 of 2nd period - Slapshot by Reid McNeill.
18:02 of 2nd period - Deflect By Michael Bournival.
18:02 of 2nd period - Shot Misses the Net.
18:02 of 2nd period - Puck is out of play.
18:03 of 2nd period - Tyler Brenner wins face-off versus Devin Shore in Sasquatch zone.
18:16 of 2nd period - Slapshot by Jimmy Vesey.
18:16 of 2nd period - Shot Misses the Net.
18:31 of 2nd period - Minor Penalty to Ryan Hartman for Holding.
18:32 of 2nd period - Devin Shore wins face-off versus Tyler Randell in Harfangs zone.
18:33 of 2nd period - Snap shot by Jimmy Vesey.
18:33 of 2nd period - Goal by Jimmy Vesey - Sasquatch : 3 - Harfangs : 2.
18:34 of 2nd period - Devin Shore wins face-off versus Tyler Brenner in neutral zone.
18:37 of 2nd period - Wrist shot by Jimmy Vesey.
18:37 of 2nd period - Shot Blocked by Reid McNeill.
18:39 of 2nd period - Wrist shot by Patrick Wey.
18:39 of 2nd period - Shot Misses the Net.
18:41 of 2nd period - Snap shot by Alex Lintuniemi.
18:41 of 2nd period - Stopped by Anton Forsberg with a rebound.
18:43 of 2nd period - Slapshot by Alex Lintuniemi.
18:43 of 2nd period - Stopped by Anton Forsberg with a rebound.
18:45 of 2nd period - Wrist shot by Matt Halischuk.
18:45 of 2nd period - Shot Misses the Net.
18:47 of 2nd period - Slapshot by Patrick Wey.
18:47 of 2nd period - Shot Misses the Net.
18:49 of 2nd period - Snap shot by Matt Halischuk.
18:49 of 2nd period - Deflect By Jimmy Vesey.
18:49 of 2nd period - Shot Misses the Net.
18:49 of 2nd period - Puck is out of play.
18:50 of 2nd period - Sergey Kalinin wins face-off versus Calle Jarnkrok in Harfangs zone.
19:00 of 2nd period - Minor Penalty to Jujhar Khaira for Roughing.
19:01 of 2nd period - Tyler Randell wins face-off versus Sergey Kalinin in Sasquatch zone.
19:01 of 2nd period - Snap shot by Michael Bournival.
19:01 of 2nd period - Stopped by Corey Crawford with a rebound.
19:08 of 2nd period - Icing by Reid McNeill.
19:09 of 2nd period - Tyler Brenner wins face-off versus Sergey Kalinin in Harfangs zone.
19:40 of 2nd period - Slapshot by Reid McNeill.
19:40 of 2nd period - Shot Blocked by Dylan DeMelo.
Goals for this period are 3 for Sasquatch vs 1 for Harfangs.
Shots for this period are 12 for Sasquatch vs 12 for Harfangs.

3rd period


0:01 of 3rd period - Sergey Kalinin wins face-off versus Tyler Brenner in neutral zone.
0:06 of 3rd period - Wrist shot by Garret Ross.
0:06 of 3rd period - Deflect By Sergey Kalinin.
0:06 of 3rd period - Shot Misses the Net.
0:06 of 3rd period - Puck is out of play.
0:07 of 3rd period - Sergey Kalinin wins face-off versus Tyler Brenner in Harfangs zone.
0:08 of 3rd period - Snap shot by Garret Ross.
0:08 of 3rd period - Stopped by Anton Forsberg without a rebound.
0:09 of 3rd period - Sergey Kalinin wins face-off versus Tyler Brenner in Harfangs zone.
0:15 of 3rd period - Icing by Dylan Olsen.
0:16 of 3rd period - Sergey Kalinin wins face-off versus Tyler Brenner in Harfangs zone.
1:00 of 3rd period - Penalty to Jujhar Khaira is over, Jujhar Khaira is back on ice.
1:10 of 3rd period - Brenden Kichton is hit by Petr Straka and loses puck.
1:27 of 3rd period - Devon Teows is hit by Brock Trotter and loses puck.
1:32 of 3rd period - Slapshot by Quinton Howden.
1:32 of 3rd period - Shot Misses the Net.
2:06 of 3rd period - Calle Jarnkrok is hit by T.J. Tynan and loses puck.
2:20 of 3rd period - Ryan Hartman is hit by Brett Pesce and loses puck.
2:39 of 3rd period - Wrist shot by Brandon McMillan.
2:39 of 3rd period - Stopped by Corey Crawford with a rebound.
2:41 of 3rd period - Slapshot by Reid McNeill.
2:41 of 3rd period - Shot Misses the Net.
2:43 of 3rd period - Snap shot by Calle Jarnkrok.
2:43 of 3rd period - Shot Misses the Net.
2:45 of 3rd period - Slapshot by Reid McNeill.
2:45 of 3rd period - Stopped by Corey Crawford with a rebound.
2:47 of 3rd period - Wrist shot by Ryan Hartman.
2:47 of 3rd period - Goal by Ryan Hartman - Sasquatch : 3 - Harfangs : 3.
2:48 of 3rd period - Devin Shore wins face-off versus Michael Bournival in neutral zone.
3:31 of 3rd period - Icing by Petr Straka.
3:32 of 3rd period - Cristoval Nieves wins face-off versus Sergey Kalinin in Sasquatch zone.
3:35 of 3rd period - Snap shot by Tyler Randell.
3:35 of 3rd period - Stopped by Corey Crawford without a rebound.
3:36 of 3rd period - Devin Shore wins face-off versus Tyler Brenner in Sasquatch zone.
3:57 of 3rd period - Michael Bournival is hit by Jimmy Vesey and loses puck.
5:23 of 3rd period - Snap shot by Devin Shore.
5:23 of 3rd period - Shot Blocked by Tyler Randell.
5:25 of 3rd period - Snap shot by Devin Shore.
5:25 of 3rd period - Stopped by Anton Forsberg with a rebound.
5:27 of 3rd period - Snap shot by Matt Halischuk.
5:27 of 3rd period - Shot Misses the Net.
5:29 of 3rd period - Snap shot by Devin Shore.
5:29 of 3rd period - Shot Misses the Net.
6:01 of 3rd period - Wrist shot by Erik Nystrom.
6:01 of 3rd period - Stopped by Corey Crawford without a rebound.
6:02 of 3rd period - Devin Shore wins face-off versus Nick Shore in Sasquatch zone.
6:13 of 3rd period - Sven Andrighetto is hit by Jimmy Vesey and loses puck.
6:32 of 3rd period - Wrist shot by Sven Andrighetto.
6:32 of 3rd period - Shot Misses the Net.
7:06 of 3rd period - Minor Penalty to Quinton Howden for Hooking.
7:07 of 3rd period - Michael Bournival wins face-off versus Sergey Kalinin in Sasquatch zone.
7:18 of 3rd period - Wrist shot by Tyler Randell.
7:18 of 3rd period - Stopped by Corey Crawford with a rebound.
7:55 of 3rd period - Snap shot by Tyler Brenner.
7:55 of 3rd period - Shot Misses the Net.
7:57 of 3rd period - Slapshot by Reid McNeill.
7:57 of 3rd period - Shot Blocked by Jujhar Khaira.
7:59 of 3rd period - Snap shot by Tyler Randell.
7:59 of 3rd period - Deflect By Patrick Wey.
7:59 of 3rd period - Shot Blocked by Alex Lintuniemi.
7:59 of 3rd period - Puck is out of play.
8:00 of 3rd period - Sergey Kalinin wins face-off versus Calle Jarnkrok in Sasquatch zone.
8:08 of 3rd period - Off-side.
8:09 of 3rd period - Sergey Kalinin wins face-off versus Ryan Hartman in neutral zone.
9:04 of 3rd period - Backhand shot by Brenden Kichton.
9:04 of 3rd period - Stopped by Corey Crawford without a rebound.
9:05 of 3rd period - Tyler Brenner wins face-off versus Sergey Kalinin in Sasquatch zone.
9:06 of 3rd period - Penalty to Quinton Howden is over, Quinton Howden is back on ice.
9:10 of 3rd period - Slapshot by Tyler Randell.
9:10 of 3rd period - Goal by Tyler Randell - Sasquatch : 3 - Harfangs : 4.
9:11 of 3rd period - Devin Shore wins face-off versus Tyler Brenner in neutral zone.
9:57 of 3rd period - Slapshot by Martin Frk.
9:57 of 3rd period - Stopped by Anton Forsberg with a rebound.
10:43 of 3rd period - Jujhar Khaira is hit by Tyler Brenner and loses puck.
10:58 of 3rd period - Rinat Valiev is hit by Hudson Fasching and loses puck.
11:09 of 3rd period - Slapshot by Nick Shore.
11:09 of 3rd period - Stopped by Corey Crawford with a rebound.
11:54 of 3rd period - Jake Dotchin is hit by Matt Halischuk.
12:12 of 3rd period - Snap shot by Tyler Brenner.
12:12 of 3rd period - Stopped by Corey Crawford with a rebound.
12:14 of 3rd period - Wrist shot by Michael Bournival.
12:14 of 3rd period - Shot Blocked by Brett Pesce.
12:24 of 3rd period - Wrist shot by Tyler Randell.
12:24 of 3rd period - Shot Misses the Net.
12:44 of 3rd period - Snap shot by Jujhar Khaira.
12:44 of 3rd period - Shot Misses the Net.
13:07 of 3rd period - Alex Lintuniemi is hit by Michael Bournival and loses puck.
13:16 of 3rd period - Slapshot by Michael Bournival.
13:16 of 3rd period - Stopped by Corey Crawford with a rebound.
13:18 of 3rd period - Wrist shot by Tyler Randell.
13:18 of 3rd period - Shot Misses the Net.
13:41 of 3rd period - Minor Penalty to Brett Pesce for Hooking.
13:42 of 3rd period - Devin Shore wins face-off versus Calle Jarnkrok in Sasquatch zone.
15:41 of 3rd period - Penalty to Brett Pesce is over, Brett Pesce is back on ice.
16:07 of 3rd period - Morgan Klimchuk is hit by Jimmy Vesey and loses puck.
17:01 of 3rd period - Brenden Kichton is hit by Dmitri Orlov and loses puck.
17:34 of 3rd period - Icing by Brandon McMillan.
17:35 of 3rd period - Sven Andrighetto wins face-off versus Quinton Howden in Harfangs zone.
17:47 of 3rd period - Icing by Hudson Fasching.
17:48 of 3rd period - Sven Andrighetto wins face-off versus Quinton Howden in Sasquatch zone.
18:01 of 3rd period - Snap shot by Jimmy Vesey.
18:01 of 3rd period - Shot Misses the Net.
18:41 of 3rd period - Slapshot by Dylan Olsen.
18:41 of 3rd period - Shot Blocked by Martin Frk.
18:57 of 3rd period - Snap shot by Tyler Randell.
18:57 of 3rd period - Shot Misses the Net.
19:11 of 3rd period - Wrist shot by Tyler Brenner.
19:11 of 3rd period - Stopped by Corey Crawford with a rebound.
19:13 of 3rd period - Snap shot by Michael Bournival.
19:13 of 3rd period - Shot Misses the Net.
19:15 of 3rd period - Snap shot by Devon Teows.
19:15 of 3rd period - Shot Blocked by Jimmy Vesey.
19:17 of 3rd period - Slapshot by Rinat Valiev.
19:17 of 3rd period - Stopped by Corey Crawford with a rebound.
19:19 of 3rd period - Slapshot by Rinat Valiev.
19:19 of 3rd period - Deflect By Devin Shore.
19:19 of 3rd period - Stopped by Corey Crawford with a rebound.
19:21 of 3rd period - Slapshot by Devon Teows.
19:21 of 3rd period - Stopped by Corey Crawford with a rebound.
19:29 of 3rd period - Wrist shot by Michael Bournival.
19:29 of 3rd period - Goal by Michael Bournival - Sasquatch : 3 - Harfangs : 5.
19:30 of 3rd period - Nick Shore wins face-off versus Quinton Howden in neutral zone.
19:35 of 3rd period - Snap shot by Nick Shore.
19:35 of 3rd period - Deflect By Quinton Howden.
19:35 of 3rd period - Goal by Nick Shore - Sasquatch : 3 - Harfangs : 6.
19:36 of 3rd period - Tyler Brenner wins face-off versus Devin Shore in neutral zone.
19:38 of 3rd period - Off-side.
19:39 of 3rd period - Devin Shore wins face-off versus Tyler Brenner in neutral zone.
19:52 of 3rd period - Tyler Brenner is hit by Jimmy Vesey and loses puck.
Goals for this period are 0 for Sasquatch vs 4 for Harfangs.
Shots for this period are 3 for Sasquatch vs 17 for Harfangs.